[Event "ESTCC U50 2018"]
[Site "Walbrzych"]
[Date "2018.04.18"]
[Round "5"]
[White "Telenius, Kimmo"]
[Black "Czyz, Andrzej"]
[Result "0-1"]
[ECO "C30"]
[WhiteElo "1603"]
[BlackElo "1999"]
[Annotator "NA"]
[PlyCount "50"]
[EventDate "2018.??.??"]
[EventCountry "POL"]
[SourceTitle "playchess.com"]
[Source "ChessBase"]
[SourceQuality "1"]
[WhiteTeam "Finland"]
[BlackTeam "Poland"]
[WhiteTeamCountry "FIN"]
[BlackTeamCountry "POL"]
[TimeControl "40/5400+30:1800+30"]

1. e4 e5 2. f4 Bc5 3. Nf3 d6 4. c3 Bg4 5. Be2 Nc6 {[%emt 0:05:25] C30: King's Gambit Declined} 6. b4 Bxf3 7. Bxf3 Bb6 8. h4 $146 ({Predecessor:} 8. b5 Na5 9. d4 Qh4+ 10. g3 Qf6 11. O-O Qe7 12. Qd3 h5 13. Kg2 O-O-O 14. Be3 h4 15. Nd2 Nf6 16. g4 {½-½ (16) Mensing,F (2200)-Barrios,R (2268) Bled 2002}) 8... Qf6 9. a4 Qxf4 10. Qe2 (10. d4 $5 Qg3+ 11. Kf1 $15) 10... a5 11. b5 Nd8 12. Na3 Ne6 13. d3 Qg3+ 14. Kd1 Nf4 15. Bxf4 Qxf4 16. Nc2 Nf6 17. Rh3 h5 18. g3 Qh6 19. d4 exd4 20. cxd4 O-O 21. Rc1 Rfe8 22. Qd3 Qg6 23. Rh2 Nxe4 24. Ne1 Nf2+ 25. Rxf2 $19 Rxe1+ 0-1

[Event "ESTCC U50 2018"]
[Site "Walbrzych"]
[Date "2018.04.19"]
[Round "6"]
[White "Strutinskaia, Galina"]
[Black "Ograbek, Grzegorz"]
[Result "1/2-1/2"]
[ECO "E73"]
[WhiteElo "2232"]
[BlackElo "2140"]
[Annotator "NA"]
[PlyCount "65"]
[EventDate "2018.??.??"]
[EventCountry "POL"]
[SourceTitle "playchess.com"]
[Source "ChessBase"]
[SourceQuality "1"]
[WhiteTeam "Russia"]
[BlackTeam "Poland"]
[WhiteTeamCountry "RUS"]
[BlackTeamCountry "POL"]
[TimeControl "40/5400+30:1800+30"]

1. c4 Nf6 2. Nc3 g6 3. e4 d6 4. d4 Bg7 5. Be2 O-O 6. h4 h5 7. Nf3 {E73: King's Indian: Averbakh Variation without 6...c5} c5 8. d5 a6 $146 ({Predecessor:} 8... Bg4 9. Be3 a6 10. Qd2 Qa5 11. Bh6 Nbd7 12. Bxg7 Kxg7 13. Ng5 Bxe2 14. Qxe2 b5 {0-1 (29) Dimitrijevic,A (2323)-L'Ami,A (2393) Doha 2014}) 9. a4 e6 10. dxe6 Bxe6 11. Bf4 Qa5 12. O-O Nc6 13. Ng5 Rfe8 14. Bd3 ({Of course not} 14. Bxd6 Rad8 $17) 14... Rad8 15. Nd5 Rd7 16. Ra3 Ng4 17. Bd2 Qd8 18. Bc3 Nd4 19. a5 Ne5 20. Bxd4 cxd4 21. b4 Bxd5 22. exd5 Rc7 23. b5 Nxd3 24. Qxd3 axb5 25. cxb5 Rc3 26. Rxc3 dxc3 27. Ne4 Qd7 28. Nxc3 Bxc3 29. Qxc3 Qxb5 30. Rd1 Re5 $11 31. Qd2 Qc5 32. g3 Qb5 33. Kg2 1/2-1/2

[Event "ESTCC U50 2018"]
[Site "Walbrzych"]
[Date "2018.04.19"]
[Round "6"]
[White "Sirotkina, Nina"]
[Black "Strzelecki, Jerzy"]
[Result "1/2-1/2"]
[ECO "A13"]
[WhiteElo "2175"]
[BlackElo "2038"]
[Annotator "NA"]
[PlyCount "91"]
[EventDate "2018.??.??"]
[EventCountry "POL"]
[SourceTitle "playchess.com"]
[Source "ChessBase"]
[SourceQuality "1"]
[WhiteTeam "Russia"]
[BlackTeam "Poland"]
[WhiteTeamCountry "RUS"]
[BlackTeamCountry "POL"]
[TimeControl "40/5400+30:1800+30"]

1. c4 e6 2. g3 d5 3. Bg2 dxc4 4. Qa4+ Nd7 5. Qxc4 c5 6. Nf3 Ngf6 7. O-O a6 8. Qc2 b5 {[%emt 0:07:36] A13: English Opening: 1...e6} 9. Ne5 (9. a4 Bb7 10. Nc3 Qb6 11. d3 Be7 12. axb5 axb5 13. Rxa8+ Bxa8 14. Qb3 Nd5 15. Bg5 Nxc3 16. Qxc3 f6 17. Bd2 O-O 18. Ra1 Bb7 19. Ne1 Bxg2 20. Nxg2 {1-0 (53) Aronian,L (2797)-Wojtaszek,R (2744) Beijing 2014}) 9... Nd5 10. Nxd7 Bxd7 ({Predecessor:} 10... Qxd7 11. Nc3 Bb7 12. Nxd5 Bxd5 13. a4 Bxg2 14. Kxg2 Rc8 15. axb5 axb5 16. d3 {0-1 (45) Gogolev,A (2379)-Aleksandrov,A (2560) Orsha 2018}) 11. Nc3 Bc6 12. b3 Be7 13. Bb2 O-O 14. Rad1 Rc8 15. Qb1 Nxc3 16. dxc3 Qc7 17. Bxc6 Qxc6 18. c4 Rfd8 19. Qc2 f5 20. Be5 Kf7 21. Qc3 b4 22. Qb2 Bf8 23. f3 Kg8 24. Qc2 Be7 25. Qb2 Bf8 26. Qc1 Be7 27. Kg2 h6 28. Qb2 Bf8 29. Rd2 Rd7 30. Rfd1 Rcd8 31. Qc2 Kf7 32. Rxd7+ Rxd7 33. Rd3 Be7 34. Qd2 Rxd3 35. Qxd3 Kg8 36. Kf2 Kf7 37. Qd1 Kg8 38. Qd3 Kf7 39. Kg2 $11 Kg8 40. h3 h5 41. Qd2 Kh7 42. Qd3 Kg8 43. Qd2 Kh7 44. Qd3 Kg8 45. Qd2 Kh7 46. Qd3 1/2-1/2

[Event "ESTCC U50 2018"]
[Site "Walbrzych"]
[Date "2018.04.19"]
[Round "6"]
[White "Viljava, Tapani"]
[Black "Scowen, Roger S"]
[Result "1-0"]
[ECO "A15"]
[WhiteElo "2162"]
[BlackElo "1882"]
[Annotator "NA"]
[PlyCount "59"]
[EventDate "2018.??.??"]
[EventCountry "POL"]
[SourceTitle "playchess.com"]
[Source "ChessBase"]
[SourceQuality "1"]
[WhiteTeam "Finland"]
[BlackTeam "England"]
[WhiteTeamCountry "FIN"]
[BlackTeamCountry "ENG"]
[TimeControl "40/5400+30:1800+30"]

1. c4 Nf6 2. Nf3 d5 3. cxd5 Nxd5 4. d4 g6 5. e4 {LiveBook: 104 Games} Nf6 6. Nc3 Bg7 7. h3 c6 {D90: Grünfeld: 4 Nf3 Bg7 sidelines} (7... O-O 8. Be3 a6 9. Bd3 c5 10. dxc5 Nbd7 11. O-O Qc7 12. Na4 Nh5 13. Qc1 Ne5 14. Be2 Nxf3+ 15. Bxf3 {1-0 (28) Kozul,Z (2632)-Shabanaj,S (2121) Durres 2014}) 8. Qb3 $146 ({Predecessor:} 8. Bd3 O-O 9. O-O a5 10. Bg5 Re8 11. Qd2 a4 12. Rfe1 Be6 13. Bh6 Bh8 14. Bc2 {1-0 (83) Pohl Kuemmel,J (2232)-Blaskowski,J (2270) Germany 2010}) 8... O-O 9. Be3 b6 10. Rd1 Bb7 11. Be2 e6 12. O-O Nbd7 13. Qc2 Qc7 14. Qd2 c5 15. Bf4 Qc8 16. d5 exd5 17. exd5 Re8 18. Nb5 Nxd5 19. Nd6 Rxe2 20. Qxe2 Nxf4 21. Qd2 Bh6 22. Nxc8 Nxh3+ 23. gxh3 Bxd2 24. Ne7+ Kf8 25. Rxd2 Nf6 26. Ne5 Kxe7 27. Re1 Kf8 28. Rd6 Kg7 29. Nd7 Rd8 $18 (29... Ne4 $11 {and Black is okay.} 30. Rd3 c4) 30. Nxf6 1-0

[Event "ESTCC U50 2018"]
[Site "Walbrzych"]
[Date "2018.04.19"]
[Round "6"]
[White "Bowmer, Kevin"]
[Black "Kivimaki, Jaakko"]
[Result "0-1"]
[ECO "C60"]
[WhiteElo "2064"]
[BlackElo "2181"]
[Annotator "NA"]
[PlyCount "68"]
[EventDate "2018.??.??"]
[EventCountry "POL"]
[SourceTitle "playchess.com"]
[Source "ChessBase"]
[SourceQuality "1"]
[WhiteTeam "England"]
[BlackTeam "Finland"]
[WhiteTeamCountry "ENG"]
[BlackTeamCountry "FIN"]
[TimeControl "40/5400+30:1800+30"]

1. e4 e5 2. Nf3 Nc6 3. Bb5 Nge7 4. O-O Ng6 5. c3 a6 6. Ba4 Be7 7. d4 d6 8. d5 b5 9. Bc2 Na5 10. a4 Bd7 11. Na3 c5 12. dxc6 Nxc6 13. Be3 O-O 14. axb5 axb5 15. Nxb5 Rxa1 16. Qxa1 Nb4 17. Ba4 Qb8 18. Na7 Bxa4 19. Qxa4 Nd3 20. b4 f5 21. exf5 Rxf5 22. Qd7 Qf8 23. Nc6 Rxf3 24. Nxe7+ Nxe7 25. gxf3 Ng6 26. Qe6+ Kh8 27. Qg4 Ndf4 28. Bxf4 Nxf4 29. Ra1 h5 30. Qd7 Qf6 31. Kf1 Qg6 32. Qa7 d5 33. Ke1 Qd3 34. Qa2 Ng2# 0-1

[Event "ESTCC U50 2018"]
[Site "Walbrzych"]
[Date "2018.04.19"]
[Round "6"]
[White "Van Herck, Marcel"]
[Black "Daleczko, Zbigniew"]
[Result "1-0"]
[ECO "A43"]
[WhiteElo "2061"]
[BlackElo "1835"]
[Annotator "NA"]
[PlyCount "97"]
[EventDate "2018.??.??"]
[EventCountry "POL"]
[SourceTitle "playchess.com"]
[Source "ChessBase"]
[SourceQuality "1"]
[WhiteTeam "Belgium"]
[BlackTeam "Poland"]
[WhiteTeamCountry "BEL"]
[BlackTeamCountry "POL"]
[TimeControl "40/5400+30:1800+30"]

1. d4 Nf6 2. Nf3 c5 3. d5 e6 4. Nc3 Nxd5 5. Nxd5 exd5 6. Qxd5 Nc6 7. Bf4 {[%emt 0:32:19] A43: Schmid Benoni} (7. Ng5 Qe7 8. c3 d6 9. Bf4 Be6 10. Qd2 d5 11. e3 h6 12. Nxe6 Qxe6 13. O-O-O O-O-O 14. Bd3 Bd6 {1-0 (53) Kramnik,V (2809)-Hou,Y (2651) Medias 2016}) 7... Qf6 8. Qe4+ Qe6 $146 ({Predecessor:} 8... Be7 9. O-O-O Qe6 10. Qxe6 fxe6 11. e4 b6 12. Bb5 Bb7 13. Ne5 Nxe5 14. Bxe5 O-O-O {½-½ (33) Afanasiev,D (2057)-Volodin,I (2295) Kazan 2012}) 9. Qxe6+ fxe6 10. e4 g6 11. O-O-O b6 12. Ne5 Nxe5 13. Bxe5 Bh6+ 14. Kb1 Rf8 15. f3 Rf7 16. Bc4 Bb7 17. Bd6 Bf8 18. Bxf8 Rxf8 19. Rd6 Rf7 20. Rhd1 Re7 21. a4 Bc6 22. Bb5 Bxb5 23. axb5 Rc8 24. c4 Rc7 25. Kc2 Rf7 26. Ra1 Ke7 27. Rd3 Kf6 28. Kd2 g5 29. Ke3 h6 30. Rad1 Ke7 31. g3 Rg7 32. e5 Rf7 33. Ra1 Rf5 34. Ke4 h5 35. Rda3 d6 36. exd6+ Kxd6 37. Rxa7 Re5+ 38. Kd3 Rxa7 39. Rxa7 Re1 40. Rb7 Ke5 41. Rxb6 Rf1 42. Rc6 Rxf3+ 43. Kc2 Kd4 44. b6 Rf8 45. b4 Kxc4 46. bxc5 Rf2+ 47. Kd1 Rxh2 48. b7 Rb2 49. Rb6 1-0

[Event "ESTCC U50 2018"]
[Site "Walbrzych"]
[Date "2018.04.19"]
[Round "6"]
[White "Roth, Martin"]
[Black "Pastor Alonso De Prado, Alberto"]
[Result "0-1"]
[ECO "B00"]
[WhiteElo "2008"]
[BlackElo "2162"]
[Annotator "NA"]
[PlyCount "94"]
[EventDate "2018.??.??"]
[EventCountry "POL"]
[SourceTitle "playchess.com"]
[Source "ChessBase"]
[SourceQuality "1"]
[WhiteTeam "SUI"]
[BlackTeam "ESP"]
[WhiteTeamCountry "GER"]
[BlackTeamCountry "ESP"]
[TimeControl "40/5400+30:1800+30"]

1. e4 b6 2. d4 Bb7 3. Bd3 Nf6 4. Qe2 Nc6 5. Nf3 Nb4 6. Nbd2 $11 e6 7. O-O Nxd3 8. Qxd3 d5 9. exd5 Qxd5 10. c4 Qh5 11. Ne5 Bd6 12. f4 O-O-O 13. Ndf3 Ng4 14. h3 Nxe5 15. fxe5 Bxe5 16. Nxe5 Qxe5 17. dxe5 Rxd3 18. Rxf7 Rd1+ 19. Kf2 Rhd8 20. b3 h5 21. Ke3 Re1+ 22. Kf2 Rdd1 23. Bd2 Rf1+ 24. Ke2 Rxf7 25. Kxd1 Bxg2 26. h4 Rf5 27. Ke2 Rxe5+ 28. Kf2 Bc6 29. Bg5 Rf5+ 30. Ke3 e5 31. Rd1 Rf3+ 32. Ke2 Rh3 33. Rd8+ Kb7 34. Rd2 a5 35. Be7 Be4 36. Bf8 Rxh4 37. Bxg7 Bb1 38. a3 e4 39. Be5 Bd3+ 40. Ke3 c5 41. Rf2 Rh3+ 42. Kf4 e3 43. Rg2 e2 44. Rg7+ Ka6 45. Bb8 b5 46. cxb5+ Bxb5 47. Re7 Rh1 0-1

[Event "ESTCC U50 2018"]
[Site "Walbrzych"]
[Date "2018.04.19"]
[Round "6"]
[White "Czyz, Andrzej"]
[Black "Sazonova, Elena N"]
[Result "0-1"]
[ECO "A53"]
[WhiteElo "1999"]
[BlackElo "2139"]
[Annotator "NA"]
[PlyCount "145"]
[EventDate "2018.??.??"]
[EventCountry "POL"]
[SourceTitle "playchess.com"]
[Source "ChessBase"]
[SourceQuality "1"]
[WhiteTeam "Poland"]
[BlackTeam "Russia"]
[WhiteTeamCountry "POL"]
[BlackTeamCountry "RUS"]
[TimeControl "40/5400+30:1800+30"]

1. d4 Nf6 2. c4 d6 3. Nc3 e5 4. dxe5 dxe5 5. Qxd8+ Kxd8 6. Bg5 c6 7. Nf3 Nbd7 8. O-O-O Kc7 {[%emt 0:11:23] LiveBook: 17 Games} 9. a3 a5 10. e3 {[%emt 0:04:28] A53: Old Indian Defence without Nf3} Ne8 (10... Bd6 11. Be2 a4 12. Bh4 Nc5 13. Kb1 Bf5+ 14. Ka2 Nfd7 15. Bg3 f6 16. Nd2 Rad8 17. e4 Bg6 {0-1 (33) Kaplan,D (2091)-Meduna,E (2428) Czechia 2010}) 11. Bh4 f6 12. Bg3 $146 ({Predecessor:} 12. Ne4 Nb6 13. Nxe5 g5 14. Bg3 a4 {1-0 (14) Alcon,J-Abril,A Spain 1993}) 12... a4 13. h4 h5 14. Be2 Nc5 15. Nd2 Nd6 16. e4 Ne6 17. Kb1 b6 18. Rc1 Nb7 19. Nd5+ cxd5 20. cxd5+ Nec5 21. Rhf1 Bd6 22. Rc3 Bd7 23. f3 Na5 24. Rfc1 Kb7 25. Bd1 Rhc8 26. Bf2 Rc7 27. g4 hxg4 28. fxg4 Rac8 29. Be3 Nd3 30. Rxc7+ Rxc7 31. Rxc7+ Kxc7 32. Kc2 Nf4 33. Kc3 Bb5 34. g5 fxg5 35. hxg5 Ne2+ 36. Kc2 Nc4 37. Nxc4 Bxc4 38. Kd2 Ng3 39. Kc3 Be2 40. Bxa4 Nxe4+ 41. Kc2 b5 42. Bb3 Be7 43. d6+ Kxd6 44. g6 Bg5 45. Ba7 Bc4 46. Bxc4 bxc4 47. b4 cxb3+ 48. Kxb3 Kc6 49. Bb8 Nd6 50. a4 Be3 51. a5 Bc5 52. a6 e4 53. a7 Kb7 54. Kc3 Nf5 55. Kc4 Bxa7 56. Be5 Kc6 57. Bf4 Bc5 58. Be5 Be3 $19 59. Bb2 Nd6+ 60. Kc3 Kd5 61. Kc2 Nf5 62. Kd1 Bd4 63. Bc1 Nh4 64. Ke2 Nxg6 65. Bg5 Bf6 66. Bc1 Ne7 67. Ba3 Nf5 68. Bc1 g5 69. Kf2 g4 70. Bf4 Bd4+ 71. Kg2 e3 72. Kf1 Ke4 73. Bc7 {[%emt 0:00:35] Ke5} 0-1

[Event "ESTCC U50 2018"]
[Site "Walbrzych"]
[Date "2018.04.19"]
[Round "6"]
[White "Ciuro Munoz, Ricardo"]
[Black "Sidler, Samuel"]
[Result "1-0"]
[ECO "B40"]
[WhiteElo "1972"]
[BlackElo "1833"]
[Annotator "NA"]
[PlyCount "85"]
[EventDate "2018.??.??"]
[EventCountry "POL"]
[SourceTitle "playchess.com"]
[Source "ChessBase"]
[SourceQuality "1"]
[WhiteTeam "Spain"]
[BlackTeam "Switzerland"]
[WhiteTeamCountry "ESP"]
[BlackTeamCountry "SUI"]
[TimeControl "40/5400+30:1800+30"]

1. e4 c5 2. Nf3 e6 3. d3 Nc6 4. g3 b6 5. Bg2 Bb7 6. O-O Qc7 7. Re1 d6 8. c3 Nf6 9. Na3 a6 10. Bg5 Be7 11. Rc1 Rd8 12. Qe2 h6 13. Bf4 e5 14. Bd2 O-O 15. Nc4 Rfe8 16. Ne3 d5 17. Nf5 Bf8 18. h3 dxe4 19. dxe4 g6 20. Nxh6+ Kh7 21. Ng4 Nxg4 22. hxg4 Bc8 23. Be3 Be7 24. Ng5+ Kg7 25. Bf3 Rh8 26. Kg2 f6 27. Nh3 g5 28. Rcd1 Bd6 29. Ng1 Kg6 30. Rd2 Rd7 31. Red1 Nd8 32. Qc4 b5 33. Qb3 Nb7 34. Qc2 Rdh7 35. a4 Qe7 36. axb5 axb5 37. Qd3 Bd7 38. Qd5 Be6 39. Qc6 Bc4 40. Be2 Qe6 41. Bxc4 Rh2+ 42. Kf3 Qxc4 43. Qxb7 1-0

[Event "ESTCC U50 2018"]
[Site "Walbrzych"]
[Date "2018.04.19"]
[Round "6"]
[White "Szmyd, Marek"]
[Black "Deleyn, Gunter"]
[Result "1/2-1/2"]
[ECO "A01"]
[WhiteElo "1898"]
[BlackElo "2200"]
[Annotator "NA"]
[PlyCount "39"]
[EventDate "2018.??.??"]
[EventCountry "POL"]
[SourceTitle "playchess.com"]
[Source "ChessBase"]
[SourceQuality "1"]
[WhiteTeam "Poland"]
[BlackTeam "Belgium"]
[WhiteTeamCountry "POL"]
[BlackTeamCountry "BEL"]
[TimeControl "40/5400+30:1800+30"]

1. b3 e5 2. Bb2 Nc6 3. e3 Nf6 4. Nf3 d6 5. d4 {[%emt 0:01:10] LiveBook: 34 Games} exd4 6. Nxd4 Be7 7. Nxc6 bxc6 8. Be2 O-O 9. O-O d5 10. c4 Bf5 11. Nc3 Qd7 12. cxd5 $14 cxd5 13. Bf3 Rfd8 14. Nxd5 Nxd5 15. e4 Be6 16. exd5 Bxd5 17. Bxd5 Qxd5 18. Qg4 Qg5 19. Qxg5 Bxg5 20. Rfd1 1/2-1/2

[Event "ESTCC U50 2018"]
[Site "Walbrzych"]
[Date "2018.04.19"]
[Round "6"]
[White "Giulian, Rosemary A"]
[Black "Akkanen, Timo"]
[Result "1-0"]
[ECO "B12"]
[WhiteElo "1880"]
[BlackElo "1667"]
[Annotator "NA"]
[PlyCount "79"]
[EventDate "2018.??.??"]
[EventCountry "POL"]
[SourceTitle "playchess.com"]
[Source "ChessBase"]
[SourceQuality "1"]
[WhiteTeam "Scotland"]
[BlackTeam "Finland"]
[WhiteTeamCountry "SCO"]
[BlackTeamCountry "FIN"]
[TimeControl "40/5400+30:1800+30"]

1. e4 c6 2. d4 d5 3. e5 Bf5 4. Nd2 e6 5. Nb3 Nd7 6. Nf3 h5 7. Be2 Be7 8. a4 Nh6 9. Be3 Ng4 10. O-O Nxe3 11. fxe3 g5 12. Bd3 Bxd3 13. Qxd3 g4 14. Ne1 Bg5 15. a5 Qc7 16. c3 Ke7 17. e4 Rag8 18. exd5 cxd5 19. Qe2 Rg6 20. Nd2 f6 21. exf6+ Rxf6 22. Rxf6 Nxf6 23. Nd3 Nd7 24. a6 b6 25. Re1 Qd6 26. Rf1 Rf8 27. Rxf8 Kxf8 28. Nf1 Qe7 29. Ne3 Qf6 30. Nc2 Kg7 31. Ncb4 Nb8 32. Qf2 Qh6 33. Kf1 h4 34. Ne5 Bf4 35. Nxg4 Qg5 36. h3 Bg3 37. Qe3 Qf5+ 38. Ke2 Bf4 39. Qf3 Qg5 40. Nd3 1-0

[Event "ESTCC U50 2018"]
[Site "Walbrzych"]
[Date "2018.04.19"]
[Round "6"]
[White "Jones, Gareth"]
[Black "Salonen, Jyrki"]
[Result "0-1"]
[ECO "A04"]
[WhiteElo "1858"]
[BlackElo "2159"]
[Annotator "NA"]
[PlyCount "104"]
[EventDate "2018.??.??"]
[EventCountry "POL"]
[SourceTitle "playchess.com"]
[Source "ChessBase"]
[SourceQuality "1"]
[WhiteTeam "England"]
[BlackTeam "Finland"]
[WhiteTeamCountry "ENG"]
[BlackTeamCountry "FIN"]
[TimeControl "40/5400+30:1800+30"]

1. Nf3 c5 2. g3 Nc6 3. Bg2 g6 4. O-O Bg7 5. c4 e5 6. Nc3 d6 7. d3 Nge7 8. Ne1 Be6 9. Nc2 d5 10. cxd5 Nxd5 11. Ne4 {[%emt 0:01:25] A37: Symmetrical English vs ...g6: 4 Bg2 Bg7 5 Nf3} (11. Nxd5 Bxd5 12. Bxd5 Qxd5 13. Ne3 Qd7 14. Bd2 O-O 15. Rc1 b6 16. Qa4 e4 17. dxe4 Qxd2 18. Qxc6 Qxe2 {0-1 (30) Vastrukhin,O (2409)-Rogozenco,D (2479) Moscow 2018}) 11... b6 12. Ng5 Bc8 13. Ne3 Nde7 14. Nc4 h6 15. Ne4 O-O 16. a3 Be6 17. Bd2 f5 $146 ({Predecessor:} 17... Nd5 18. Nc3 Qd7 19. Nxd5 Bxd5 20. Bxd5 Qxd5 {½-½ (31) Kretschel,K (2010)-Maugg,L (2002) Bad Koenigshofen 2010}) 18. Nc3 Qd7 19. Rb1 Rad8 20. Qa4 Nd4 21. Qxd7 Rxd7 22. Be3 Nb3 23. Rbd1 Rfd8 24. Nd2 Nxd2 25. Rxd2 e4 26. Re1 c4 27. Bf1 Kf7 28. Red1 cxd3 29. exd3 Bb3 30. Rc1 exd3 31. Bg2 Bc2 32. Re1 g5 33. h3 Ng6 34. f4 gxf4 35. Bxf4 Nxf4 36. gxf4 Bd4+ 37. Kh1 Re7 38. Rxe7+ Kxe7 39. Nd5+ Rxd5 40. Bxd5 Be3 41. Rg2 d2 42. Bf3 d1=Q+ 43. Bxd1 Bxd1 44. Rg7+ Kf6 45. Rxa7 Bf3+ 46. Kh2 Bxf4+ 47. Kg1 Be3+ 48. Kh2 f4 49. a4 $19 Be2 50. Ra8 Bc5 51. a5 f3 52. Kg3 f2 0-1

[Event "ESTCC U50 2018"]
[Site "Walbrzych"]
[Date "2018.04.19"]
[Round "6"]
[White "Puroila, Sippo"]
[Black "Robertson, Ian C"]
[Result "0-1"]
[ECO "A05"]
[WhiteElo "1838"]
[BlackElo "2038"]
[Annotator "NA"]
[PlyCount "68"]
[EventDate "2018.??.??"]
[EventCountry "POL"]
[SourceTitle "playchess.com"]
[Source "ChessBase"]
[SourceQuality "1"]
[WhiteTeam "Finland"]
[BlackTeam "Scotland"]
[WhiteTeamCountry "FIN"]
[BlackTeamCountry "SCO"]
[TimeControl "40/5400+30:1800+30"]

1. Nf3 Nf6 2. g3 g6 3. Bg2 Bg7 4. O-O O-O {[%emt 0:00:04] LiveBook: 5153 Games} 5. d4 d5 6. c3 b6 7. Nbd2 Bb7 8. Qc2 Nbd7 9. Rd1 {[%emt 0:00:36] D02: 1 d4 d5 2 Nf3 sidelines, including 2...Nf6 3 g3 and 2...Nf6 3 Bf4} (9. Re1 c5 10. dxc5 Nxc5 11. Nb3 Rc8 12. Nbd4 Re8 13. e3 e5 14. Ne2 Qd7 15. h3 Ba6 16. Rd1 Bd3 {0-1 (53) Abel,H (1956)-Ljubarskij,J (2283) Sooden Allendorf 2015}) 9... c5 10. Nh4 $146 ({Predecessor:} 10. dxc5 Nxc5 11. Nb3 Nce4 12. Ng5 Qc7 13. Nxe4 Nxe4 14. Nd2 f5 15. Qb3 Kh8 16. Nxe4 fxe4 {½-½ (47) Hoogstijns,R (1745)-Kocur,M (1915) Lommel 1992}) 10... Qc7 11. Ndf3 cxd4 12. Nxd4 e5 13. Nb5 Qc5 14. a4 a6 15. Na3 Ng4 16. e4 d4 17. h3 Ngf6 18. Bd2 Rac8 19. Rac1 Qe7 20. b4 Rc7 21. Qb1 Rfc8 22. cxd4 Rxc1 $17 23. Bxc1 exd4 24. f3 Nh5 25. Kh2 Be5 26. f4 Bxf4 27. Bxf4 Nxf4 28. Rxd4 Nxg2 29. Nxg2 Ne5 30. Qf1 a5 31. Nb5 axb4 32. Qd1 Rc4 33. Nd6 Rxd4 34. Qxd4 Nf3+ 0-1

[Event "ESTCC U50 2018"]
[Site "Walbrzych"]
[Date "2018.04.19"]
[Round "6"]
[White "Webster, Jim J"]
[Black "Lembidakis, Michael"]
[Result "1-0"]
[ECO "E20"]
[WhiteElo "1769"]
[BlackElo "2069"]
[Annotator "NA"]
[PlyCount "36"]
[EventDate "2018.??.??"]
[EventCountry "POL"]
[SourceTitle "playchess.com"]
[Source "ChessBase"]
[SourceQuality "1"]
[WhiteTeam "SCO"]
[BlackTeam "FIN"]
[WhiteTeamCountry "SCO"]
[BlackTeamCountry "SCO"]
[TimeControl "40/5400+30:1800+30"]

1. d4 Nf6 2. c4 g6 3. Nc3 e6 4. Nf3 d6 5. e4 Bg7 6. Be2 Nfd7 7. Be3 Nc6 8. Qd2 b6 9. Rc1 Bb7 10. O-O Qe7 11. a3 Na5 12. Qc2 Nc6 $16 13. Nb5 Nf6 14. d5 exd5 15. cxd5 Ng4 16. dxc6 Ba6 17. Bd4 f6 18. Nxd6+ cxd6 1-0

[Event "ESTCC U50 2018"]
[Site "Walbrzych"]
[Date "2018.04.19"]
[Round "6"]
[White "Germann, Martin"]
[Black "De la Orden Alcocer, Alejandro"]
[Result "0-1"]
[ECO "A48"]
[WhiteElo "1755"]
[BlackElo "2013"]
[Annotator "NA"]
[PlyCount "76"]
[EventDate "2018.??.??"]
[EventCountry "POL"]
[SourceTitle "playchess.com"]
[Source "ChessBase"]
[SourceQuality "1"]
[WhiteTeam "Switzerland"]
[BlackTeam "Spain"]
[WhiteTeamCountry "SUI"]
[BlackTeamCountry "ESP"]
[TimeControl "40/5400+30:1800+30"]

1. d4 Nf6 2. Nf3 g6 3. Nc3 d5 4. Bf4 Bg7 5. Qd2 Ne4 6. Nxe4 dxe4 7. Ne5 f6 8. Nc4 Be6 9. e3 O-O 10. Be2 Bd5 $14 11. O-O Nd7 12. Rad1 c6 13. b3 Nb6 14. Nxb6 Qxb6 15. c4 Bf7 16. Qc2 f5 17. Rd2 Rac8 18. Rc1 Qa5 19. Rcd1 Bf6 20. h3 c5 21. Be5 Bxe5 22. dxe5 Rfd8 23. f3 exf3 24. Bxf3 Qc7 25. Qc3 b6 26. Kf2 Be6 27. Bd5 Kf7 28. Ke2 Bxd5 29. cxd5 c4 30. b4 b5 31. e4 fxe4 32. Ke3 Qb7 33. e6+ Kg8 34. Kxe4 Rf8 35. Qg3 c3 36. Rc2 Rc4+ 37. Rd4 Rf5 38. Rxc3 Qxd5+ 0-1

[Event "ESTCC U50 2018"]
[Site "Walbrzych"]
[Date "2018.04.19"]
[Round "6"]
[White "Szydelko, Kazimierz"]
[Black "Van de Wynkele, Herman"]
[Result "1/2-1/2"]
[ECO "A40"]
[WhiteElo "1689"]
[BlackElo "2048"]
[Annotator "NA"]
[PlyCount "104"]
[EventDate "2018.??.??"]
[EventCountry "POL"]
[SourceTitle "playchess.com"]
[Source "ChessBase"]
[SourceQuality "1"]
[WhiteTeam "Poland"]
[BlackTeam "Belgium"]
[WhiteTeamCountry "POL"]
[BlackTeamCountry "BEL"]
[TimeControl "40/5400+30:1800+30"]

1. d4 g6 2. c4 Bg7 3. Nf3 d6 4. g3 Nd7 5. Nc3 e5 6. Bg2 {[%emt 0:00:59] LiveBook: 826 Games} Ne7 7. e4 O-O 8. O-O c6 9. Be3 {[%emt 0:04:16] A42: Modern Defence: Averbakh Variation} Qc7 (9... h6 10. Qb3 b6 11. Rfd1 Qc7 12. Rac1 exd4 13. Nxd4 a5 14. Qc2 Ba6 15. b3 Rad8 16. Qd2 Kh7 {½-½ (49) Khismatullin,D (2534)-Bu,X (2606) Moscow 2004}) 10. Qd2 Re8 11. b4 $146 ({Predecessor:} 11. Rfd1 Nf8 12. d5 c5 13. b4 b6 14. a4 Bd7 15. Nb5 Bxb5 16. cxb5 {½-½ (42) Terrie,H (2200)-Tylevich,D (2319) Lowell 2002}) 11... Nf8 12. d5 cxd5 13. cxd5 Bg4 14. Rac1 Qd7 15. Ng5 h6 16. h3 Bh5 17. Nxf7 Kxf7 18. g4 Bxg4 19. hxg4 g5 20. f3 Nfg6 21. Ne2 Nf4 22. Ng3 a6 23. Rc2 Rec8 24. Rfc1 Rxc2 25. Rxc2 Rc8 26. Bf1 Bf8 27. Qc1 Rxc2 28. Qxc2 Qc8 29. Qxc8 Nxc8 30. b5 axb5 31. Bxb5 Ke7 32. Nf5+ Kd8 33. Kf2 Kc7 34. a4 Ng6 35. Ke2 Nge7 36. Kd3 Ng6 37. a5 Nf4+ 38. Bxf4 gxf4 39. Ke2 Ne7 40. Kf2 Nxf5 41. gxf5 Kd8 42. Kg2 Ke7 $2 (42... Be7 $11) 43. Bc6 Kd8 44. Bxb7 Kc7 45. a6 Be7 46. Kh3 h5 47. Bc6 Kb6 48. Be8 $14 Kxa6 49. Bxh5 Kb7 50. Kg4 Kc7 51. Bf7 Bf6 52. Kh5 Kb7 1/2-1/2

[Event "ESTCC U50 2018"]
[Site "Walbrzych"]
[Date "2018.04.19"]
[Round "6"]
[White "Telenius, Kimmo"]
[Black "Aird, Ian"]
[Result "0-1"]
[ECO "B10"]
[WhiteElo "1603"]
[BlackElo "1785"]
[Annotator "NA"]
[PlyCount "136"]
[EventDate "2018.??.??"]
[EventCountry "POL"]
[SourceTitle "playchess.com"]
[Source "ChessBase"]
[SourceQuality "1"]
[WhiteTeam "Finland"]
[BlackTeam "Scotland"]
[WhiteTeamCountry "FIN"]
[BlackTeamCountry "SCO"]
[TimeControl "40/5400+30:1800+30"]

1. e4 c6 2. c4 d5 3. cxd5 cxd5 4. exd5 Nf6 5. Nc3 Nxd5 6. Bc4 Nb6 7. Bb3 g6 8. Qf3 e6 9. Nh3 Bg7 10. O-O O-O 11. Re1 Nc6 12. Qe4 Qd4 13. Ng5 Qxe4 14. Rxe4 Nd4 15. Bd1 e5 16. Nf3 Bf5 17. Re1 Rfe8 18. Ne4 Bxe4 19. Rxe4 f5 20. Re1 Rac8 21. Nxd4 exd4 22. Rxe8+ Rxe8 23. Kf1 d3 24. Rb1 Be5 25. g3 f4 26. b3 fxg3 27. hxg3 Rf8 28. Kg2 Nd7 29. Bf3 Bd4 30. Ba3 Rf6 31. Bd5+ Kg7 32. f4 Ra6 33. Bb2 Bxb2 34. Rxb2 b5 35. b4 Nf6 36. Bf3 Re6 37. Rb3 Rd6 38. Kf2 h5 39. Ke3 Ng4+ 40. Bxg4 hxg4 41. Rxd3 Re6+ 42. Kf2 Kf6 43. Rd5 a6 44. Rg5 Re4 45. a3 Rc4 46. Rxg4 Rc2 47. Ke2 Ra2 48. Rg5 Rxa3 49. Rc5 Rxg3 50. Rc6+ Kf5 51. Rxa6 Rb3 52. d4 Rxb4 53. Rd6 Kxf4 54. Rxg6 Rxd4 55. Rg1 Rd8 56. Rb1 Rd5 57. Rb4+ Ke5 58. Ke3 Rc5 59. Kd3 Kd5 60. Kd2 Kc6 61. Kd3 Kb6 62. Rb2 Ka5 63. Kd4 Rc8 64. Kd3 Ka4 65. Kd2 b4 66. Kd3 Ka3 67. Rb1 b3 68. Kd2 b2 0-1